AoeStats
← 河北彩花

Arabia

508820620Analyzed
4v4 RM · 8d ago on Sep 24, 2026· 50m 46s· 8 players
Game mode
Random Map
Map size
Large (8 player)
Population
200
Speed
Normal
Resources
Standard
Victory
Conquest
Starting age
Dark Age
Ending age
Imperial Age
RankedLock teamsTeams togetherTeam positionsShared explorationLock speedFull tech treeHidden civsTurbo modeCheats
Victory
Defeat
🇩🇪 Britons · Germany
1214
+14
🇨🇳 Franks · China
1208
+14
🇲🇴 Saxons · Macao SAR China
1169
+16
🇨🇳 Varangians · China
1094
+19
🇩🇰 Hindustanis · Denmark
1311
-22
🇪🇸 Spanish · Spain
1215
-18
🇦🇺 Varangians · Australia
1074
-12
🇬🇧 Teutons · United Kingdom
1055
-11
河北彩花
0:58 Loom
9:42 Feudal Age
10:25 Double-Bit Axe
11:27 Man-at-Arms
11:59 Horse Collar
20:46 Castle Age
19:06 Gold Mining
19:50 Arson
22:04 Wheelbarrow
22:09 Scale Mail Armor
22:52 Stone Mining
23:04 Gambesons
23:23 Pikeman
23:25 Long Swordsman
24:35 Forging
23:49 Pikeman
26:04 Squires
26:38 Town Watch
27:45 Bow Saw
30:44 Heavy Plow
33:15 Gold Shaft Mining
38:23 Imperial Age
36:11 Hand Cart
37:07 Chain Mail Armor
38:40 Two-Handed Swordsman
40:16 Iron Casting
40:42 Elite Varangian Guard
42:10 Conscription
42:04 Capped Ram
44:07 Two-Man Saw
42:55 Siege Ram
44:30 Halberdier
44:38 Elite Hearth Troop
46:19 Plate Mail Armor
45:40 Fletching
46:00 Heavy Scorpion
47:52 Ballistics
47:21 Two-Handed Swordsman
48:54 Siege Engineers
49:50 Chemistry
51:11 Crop Rotation
50:22 Champion
一一
10:44 Feudal Age
16:10 Castle Age
15:49 Loom
16:14 Town Watch
17:19 Double-Bit Axe
20:34 Gold Mining
22:51 Husbandry
25:01 Bow Saw
26:22 Wheelbarrow
27:15 Gold Shaft Mining
28:15 Scale Barding Armor
28:21 Forging
29:46 Chain Barding Armor
33:25 Imperial Age
31:39 Hand Cart
32:44 Iron Casting
32:00 Fletching
33:44 Cavalier
35:00 Chivalry
34:31 Capped Ram
37:11 Plate Barding Armor
37:43 Blast Furnace
36:57 Paladin
43:00 Town Patrol
44:27 Conscription
SPROP
8:08 Loom
10:24 Feudal Age
14:49 Double-Bit Axe
15:10 Horse Collar
16:14 Fletching
16:26 Padded Archer Armor
19:16 Scale Mail Armor
22:48 Castle Age
23:18 Crossbowman
24:50 Bodkin Arrow
25:08 Squires
24:29 Pikeman
26:21 Gold Mining
33:55 Leather Archer Armor
33:56 Chain Mail Armor
39:52 Elite Skirmisher
43:51 Bow Saw
45:22 Ballistics
46:37 Caravan
zijing
6:34 Loom
9:17 Feudal Age
10:17 Double-Bit Axe
18:47 Castle Age
17:18 Scale Barding Armor
17:14 Horse Collar
18:33 Bloodlines
19:35 Gold Mining
20:45 Chain Barding Armor
22:01 Forging
24:33 Bow Saw
26:19 Wheelbarrow
28:06 Hand Cart
28:01 Scale Mail Armor
31:33 Gambesons
32:44 Squires
33:08 Chain Mail Armor
33:29 Iron Casting
33:22 Arson
38:54 Imperial Age
36:56 Town Watch
39:22 Elite Varangian Guard
40:41 Plate Barding Armor
40:39 Plate Mail Armor
41:24 Blast Furnace
41:46 Town Patrol
42:22 Stone Mining
42:24 Gothikon
45:43 Heavy Plow
46:17 Conscription
45:44 Onager
49:24 Two-Man Saw
48:32 Capped Ram
IkerJura23783
7:54 Loom
9:56 Feudal Age
11:19 Double-Bit Axe
17:43 Castle Age
16:23 Stone Mining
16:28 Horse Collar
18:40 Husbandry
18:45 Padded Archer Armor
19:04 Bow Saw
19:30 Gold Mining
21:45 Leather Archer Armor
25:22 Bloodlines
27:40 Town Watch
38:03 Imperial Age
39:27 Ring Archer Armor
39:38 Wheelbarrow
39:13 Heavy Plow
45:29 Hand Cart
45:54 Elite Conquistador
Nofootstepsafe
1:51 Loom
13:48 Feudal Age
23:51 Castle Age
24:44 Pikeman
27:38 Double-Bit Axe
29:45 Bloodlines
32:30 Town Watch
33:36 Town Patrol
33:54 Forging
Doctorbonus
7:38 Loom
10:03 Feudal Age
11:23 Double-Bit Axe
13:15 Town Watch
13:46 Scale Barding Armor
14:05 Horse Collar
19:16 Wheelbarrow
18:58 Forging
23:17 Castle Age
22:45 Gold Mining
23:48 Bloodlines
24:51 Gold Shaft Mining
24:36 Bow Saw
24:27 Heavy Plow
24:47 Husbandry
26:13 Stone Mining
27:21 Hand Cart
29:02 Stone Shaft Mining
28:54 Chain Barding Armor
35:03 Imperial Age
32:51 Forging
32:04 Light Cavalry
33:14 Masonry
34:51 Town Patrol
36:59 Chemistry
35:23 Heavy Camel Rider
37:10 Two-Man Saw
36:35 Conscription
37:45 Grand Trunk Road
37:47 Shatagni
38:16 Padded Archer Armor
40:23 Ballistics
41:16 Leather Archer Armor
41:50 Hussar
44:17 Iron Casting
43:51 Fletching
44:56 Siege Engineers
45:50 Hoardings
48:30 Bodkin Arrow
JebusLorenzo
11:31 Feudal Age
15:29 Castle Age
19:32 Double-Bit Axe
21:42 Horse Collar
23:06 Wheelbarrow
24:50 Bow Saw
26:16 Heavy Plow
28:51 Hand Cart
31:15 Forging
31:11 Scale Barding Armor
31:20 Fletching
35:17 Imperial Age
33:57 Iron Casting
33:57 Chain Barding Armor
33:11 Vendel Legacy
35:23 Bloodlines
35:13 Husbandry
35:00 Elite Skirmisher
38:26 Blast Furnace
38:02 Plate Barding Armor
36:50 Cavalier
40:34 Pikeman
41:15 Squires
41:31 Halberdier
46:02 Scale Mail Armor
Connection lost

Rejoining the realm…

Still unreachable

The connection could not be restored.

Session expired

The server has moved on; the page needs a fresh start.